 Dungeon Crawl Stone Soup version 0.31-a0-977-gc230f8ef24 (webtiles) character file.

Game seed: 1918631373081203321

36 tsujin the Charlatan (level 3, 0/26 HPs)
             Began as a Demonspawn Artificer on Oct 29, 2023.
             Slain by Terence
             ... wielding a +0 flail
              (9 damage)
             ... on level 2 of the Dungeon.
             The game lasted 00:03:07 (1079 turns).

tsujin the Charlatan (Demonspawn Artificer)         Turns: 1079, Time: 00:03:08

Health: 0/26       AC:  3    Str: 14    XL:     3   Next: 19%
Magic:  3/3        EV: 11    Int: 12    God:
Gold:   2          SH:  0    Dex: 13    Spells: 2/2 levels left

rFire   . . .        (no weapon)
rCold   . . .        (no shield)
rNeg    . . .        b - +0 leather armour
rPois   .            (no helmet)
rElec   .            (no cloak)
rCorr   .            (no gloves)
SInv    .            (no boots)
Will    .....        (no amulet)
Stlth   +            (no ring)
HPRegen 0.24/turn    (no ring)
MPRegen 0.08/turn

%: no passive effects
@: no status effects
A: powered by pain 2
a: no special abilities


You were on level 2 of the Dungeon.
You visited 1 branch of the dungeon, and saw 2 of its levels.

You collected 2 gold pieces.

Inventory:

Armour
 b - a +0 leather armour (worn)
Talismans
 j - a blade talisman
 k - a flux talisman
Wands
 c - a wand of flame (5) (quivered)
 d - a wand of charming (15)
 e - a wand of iceblast (4)
Scrolls
 f - a scroll of identify
 g - 3 scrolls of teleportation {unknown}
Potions
 h - a potion of ambrosia
 i - a potion of enlightenment {unknown}


   Skills:
 - Level 1.0 Fighting
 - Level 2.4 Maces & Flails
 - Level 1.8 Armour
 - Level 0.9 Dodging
 - Level 0.9 Stealth
 * Level 0.2 Unarmed Combat
 - Level 3.0 Evocations
 + Level 0.1 Shapeshifting


You had 2 spell levels left.
You didn't know any spells.
Your spell library was empty.

Dungeon Overview and Level Annotations

Branches:
Dungeon (2/15)

Altars:

Annotations:
D:2 Terence


Innate Abilities, Weirdness & Mutations

You sometimes gain power by taking damage.


Message History

You kill the frilled lizard!
You hear a shout!
Aiming: Throw Flame
Press: ? - help, Shift-Dir - straight line, f - hobgoblin
Aim: a hobgoblin (71% to hit)
The puff of flame hits the hobgoblin.
You kill the hobgoblin!
Terence the Incautious comes into view.
He is wielding a +0 flail.
Aiming: Throw Flame
Press: ? - help, Shift-Dir - straight line, f - Terence
Aim: Terence, wielding a +0 flail and wearing a +0 chain mail (79% to hit)
The puff of flame hits Terence.
Terence is moderately wounded.
Aiming: Iceblast
Press: ? - help, Shift-Dir - straight line, p - Terence The mass of ice explodes!
The iceblast engulfs Terence!
Terence is severely wounded.
You hear a shout! x3
Aiming: Throw Flame
Press: ? - help, Shift-Dir - straight line, f - Terence
Aim: Terence, wielding a +0 flail and wearing a +0 chain mail (severely wounded, 79% to hit)
The puff of flame hits Terence.
Terence is severely wounded.
Aiming: Throw Flame
Press: ? - help, Shift-Dir - straight line, f/p - Terence
Aim: Terence, wielding a +0 flail and wearing a +0 chain mail (severely wounded, 79% to hit)
The puff of flame misses Terence.
Aiming: Throw Flame
Press: ? - help, Shift-Dir - straight line, f/p - Terence
Aim: Terence, wielding a +0 flail and wearing a +0 chain mail (severely wounded, 79% to hit)
The puff of flame hits Terence.
Terence is almost dead.
Aiming: Throw Flame
Press: ? - help, Shift-Dir - straight line, f/p - Terence
Aim: Terence, wielding a +0 flail and wearing a +0 chain mail (almost dead, 79% to hit)
The puff of flame misses Terence.
You closely miss Terence.
Terence is almost dead.
Terence hits you with a +0 flail!
You die...

###### .....
#...# #...#
#####...#
........#
.......†#
......)@#####
......@..<..#
............#
............#
............#
##†.........#
#.......#####
#.......#
..(....


You could see Terence.

Vanquished Creatures
  2 dart slugs (D:1)
  2 ball pythons (D:1)
  2 endoplasms (D:1)
  A giant cockroach (D:1)
  4 goblins
  4 hobgoblins
  2 quokkas (D:1)
  5 bats (D:1)
  2 frilled lizards
  4 kobolds (D:1)
  A rat (D:1)
29 creatures vanquished.

Notes
Turn   | Place    | Note
-------+----------+-------------------------------------------
     0 | D:1      | tsujin the Demonspawn Artificer began the quest for the
                  | Orb.
     0 | D:1      | Reached XP level 1. HP: 15/15 MP: 1/1
   119 | D:1      | Reached skill level 1 in Maces & Flails
   174 | D:1      | Gained mutation: You sometimes gain a little power by
                  | taking damage. [demonic ancestry]
   174 | D:1      | Reached XP level 2. HP: 20/21 MP: 2/2
   674 | D:1      | Gained mutation: You sometimes gain power by taking damage.
                  | [demonic ancestry]
   674 | D:1      | Reached XP level 3. HP: 16/26 MP: 3/3
  1072 | D:2      | Noticed Terence
  1079 | D:2      | Slain by Terence

Illustrated notes

Levels and vault maps discovered:
D:1:      saegor_arrival_simple_b, layout_basic, st_stairs_4
D:2:      layout_basic, nicolae_eternal_life, uniq_terence, uniq_robin,
          uniq_crazy_yiuf_cottage

Skill      XL: |  1  2 |
---------------+-------+-----
Maces & Flails | 1 2 |  2.4
Fighting       | |  1.0
Armour         | |  1.8
Dodging        | |  0.9
Stealth        | |  0.9
Unarmed Combat | |  0.2
Evocations     | |  3.0
Shapeshifting  | |  0.1

Action                     || total
---------------------------++-------
  Melee: Club              ||   126
         Punch             ||     3
         Unarmed           ||    27
  Evoke: Wand              ||    11
    Use: Scroll            ||     1
   Stab: Sleeping          ||     2
 Armour: Leather armour    ||   132
  Dodge: Dodged            ||   116

Table legend: (Time is in decaauts)
 A = Elapsed time spent in this place.
 B = Non-inter-level travel time spent in this place.
 C = Inter-level travel time spent in this place.
 D = Time resting spent in this place.
 E = Time spent auto-exploring this place.
 F = Levels seen in this place.
 G = Mean time per level.
                   A        B        C        D        E       F      G
               +--------+--------+--------+--------+--------+-----+--------+
         Total |   1107 |   1080 |     27 |    200 |    565 |   2 |  553.5 |
       Dungeon |   1107 |   1080 |     27 |    200 |    565 |   2 |  553.5 |
               +--------+--------+--------+--------+--------+-----+--------+

Top non-repeatable levels by time:
     D:1: 1079 daAuts
     D:2: 27 daAuts
